 Dungeon Crawl Stone Soup version 0.22-a0-196-gee22f2738c (webtiles) character file.

462 RedPan the Shield-Bearer (level 7, -3/52 HPs)
             Began as a Formicid Fighter on Feb 17, 2018.
             Killed by divine providence
             ... invoked by an orc priest
              (16 damage)
             ... on level 4 of the Dungeon.
             The game lasted 00:05:42 (2370 turns).

RedPan the Shield-Bearer (Formicid Fighter)         Turns: 2370, Time: 00:05:42

Health: -3/52      AC: 12    Str: 22    XL:     7   Next: 28%
Magic:  7/7        EV:  5    Int:  8    God:
Gold:   126        SH: 10    Dex: 10    Spells: 6/6 levels left

rFire    . . .     SeeInvis +   a - +2 war axe
rCold    . . .     Gourm    .   c - +0 shield
rNeg     . . .     Faith    .   p - +0 plate armour
rPois    .         Spirit   .   (helmet unavailable)
rElec    .         Reflect  .   (no cloak)
rCorr    .         Harm     .   (no gloves)
MR       .....                  (no boots)
Stlth    ..........             g - amulet of regeneration
HPRegen  0.57/turn              (no ring)
MPRegen  0.10/turn              (no ring)

@: no status effects
A: permanent stasis, dig shafts and tunnels, four strong arms, antennae 3
a: Dig, Shaft Self


You were on level 4 of the Dungeon.
You were very hungry.

You visited 2 branches of the dungeon, and saw 5 of its levels.

You collected 126 gold pieces.

Inventory:

Hand Weapons
 a - a +2 war axe (weapon)
Armour
 c - a +0 shield (worn)
 p - a +0 plate armour (worn)
Jewellery
 g - an amulet of regeneration (around neck)
Scrolls
 b - a scroll of remove curse
 e - a scroll of enchant armour {unknown}
 h - 4 scrolls of teleportation {unknown}
 i - a scroll of magic mapping {unknown}
 j - a scroll of random uselessness {unknown}
Potions
 d - 2 potions of might
 k - a potion of mutation
 m - a potion of lignification {unknown}
 n - a potion of haste {unknown}
 o - 2 potions of curing {unknown}
 q - a potion of brilliance {unknown}
Books
 l - Vehumet's Compendium of Conjuration
   (You found it on level 2 of the Dungeon)

   Spells                             Type                      Level
   a - Magic Dart                     Conjuration                  1
Comestibles
 f - 6 rations


   Skills:
 - Level 3.2 Fighting
 * Level 5.4 Axes
 + Level 5.1 Armour
 + Level 5.5 Shields


You had 6 spell levels left.
You didn't know any spells.

Dungeon Overview and Level Annotations

Branches:
Dungeon (4/15)             Temple (1/1) D:4

Altars:
Ashenzari
Cheibriados
Dithmenos
Elyvilon
Fedhas
Hepliaklqana
Kikubaaqudgha
Nemelex Xobeh
Qazlal
Ru
Sif Muna
Uskayaw
Vehumet
The Shining One


Innate Abilities, Weirdness & Mutations

You cannot be hasted, slowed, berserked, paralysed or teleported.
You can dig through walls and to a lower floor.
Your four strong arms can wield two-handed weapons with a shield.
You have a pair of large antennae on your head. (SInv)


Message History

The orc wizard hits you but does no damage.
You block the orc priest's attack.
You are too injured to fight recklessly!
You are too injured to fight recklessly!
Unknown command.
You closely miss the orc priest.
The orc priest is moderately wounded.
You hit the orc wizard. x2
The orc priest hits you with a short sword.
* * * LOW HITPOINT WARNING * * *
You block the orc wizard's attack.
You slash the orc priest!
The orc priest is severely wounded.
You hit the orc wizard. You completely miss the orc wizard.
The orc wizard completely misses you.
The orc priest hits you but does no damage.
The orc wizard hits you but does no damage.
The orc priest mumbles some strange prayers to Beogh against you.
Beogh smites you!
You die...

......#.#.# .........
....#.#.# .......####
....#.....
.o............>..
#oo.?............
#@o....≈≈≈≈≈.....
####.o..≈≈≈≈≈≈≈≈≈...
#.....≈≈≈≈≈≈≈≈≈≈≈≈≈.
#....≈≈≈≈≈≈≈≈≈≈≈≈≈≈≈.
#....≈≈≈≈≈≈...≈≈≈≈≈≈.
#####....≈≈≈≈≈≈.>.≈≈≈≈≈≈.
.........≈≈≈≈≈≈...≈≈≈≈≈≈.
..........≈≈≈≈≈≈≈≈≈≈≈≈≈..
.......<....≈≈≈≈≈≈≈≈≈....


You could see 2 orc priests, 2 orc wizards and an orc.

Vanquished Creatures
  The ghost of yrara the Skirmisher, an amateur DsFi (D:4)
  An orc priest (D:3)
  2 orc wizards (D:3)
  Robin (D:2)
  6 adders
  An adder skeleton (D:4)
  4 worms
  3 leopard geckos
  2 orcs (D:3)
  3 ball pythons
  8 bats
  7 giant cockroaches
  15 goblins
  10 hobgoblins
  7 jackals (D:2)
  A quokka (D:2)
  4 frilled lizards
  11 kobolds
  5 rats
92 creatures vanquished.

Notes
Turn   | Place    | Note
-------+----------+-------------------------------------------
     0 | D:1      | RedPan the Formicid Fighter began the quest for the Orb.
     0 | D:1      | Reached XP level 1. HP: 18/18 MP: 1/1
    38 | D:1      | Found a sparkling altar of Nemelex Xobeh.
   216 | D:1      | Reached XP level 2. HP: 24/24 MP: 2/2
   632 | D:2      | Reached XP level 3. HP: 29/29 MP: 3/3
   826 | D:2      | Reached XP level 4. HP: 35/35 MP: 4/4
   870 | D:2      | Noticed Robin
   877 | D:2      | Killed Robin
  1120 | D:2      | Found a radiant altar of Vehumet.
  1124 | D:2      | Found an ancient bone altar of Kikubaaqudgha.
  1125 | D:2      | Found a deep blue altar of Sif Muna.
  1140 | D:2      | Identified Vehumet's Compendium of Conjuration
  1335 | D:3      | Found a stormy altar of Qazlal.
  1366 | D:3      | Reached XP level 5. HP: 41/41 MP: 5/5
  1459 | D:3      | Reached XP level 6. HP: 47/47 MP: 6/6
  1763 | D:3      | Reached skill level 5 in Shields
  1987 | D:4      | Noticed yrara's ghost (amateur DsFi)
  2011 | D:4      | Killed yrara's ghost
  2011 | D:4      | Reached skill level 5 in Axes
  2011 | D:4      | Reached skill level 5 in Armour
  2011 | D:4      | Reached XP level 7. HP: 12/52 MP: 7/7
  2083 | D:4      | Found a staircase to the Ecumenical Temple.
  2119 | Temple   | Entered the Ecumenical Temple
  2370 | D:4      | Killed from afar by an orc priest

Vault maps used:
D:1:      dpeg_arrival_yet_another_circle, minivault_14,
          nemelex_xobeh_ov_fountains_minmay
D:2:      grunt_temple_overflow_magic_moments, uniq_robin
D:3:      overflow_temple_1_default
D:4:      grunt_gozag_breadcrumbs, temple_pool_b, serial_glass, glass_columns_b,
          glass_columns_a, glass_columns_a, glass_columns_a, serial_shops,
          nicolae_shop_crystal, trog_book, uniq_ijyb, uniq_eustachio, uniq_pikel
Temple:   jpeg_temple_alley_garden

Skill      XL: |  1  2  3  4  5  6 |
---------------+-------------------+-----
Shields        | 4 5 |  5.5
Axes           | 3 4 5 |  5.4
Armour         | 4 5 |  5.1
Fighting       | |  3.2

Action                   |  1- 3 |  4- 6 |  7- 9 || total
-------------------------+-------+-------+-------++-------
Melee: War axe           |   146 |   172 |     3 ||   321
  Use: Scroll            |       |     4 |       ||     4
  Eat: Chunk             |       |     4 |       ||     4
Armor: Scale mail        |    53 |       |       ||    53
       Chain mail        |    25 |    19 |       ||    44
       Plate armour      |       |    58 |     3 ||    61
Dodge: Dodged            |    47 |    31 |     1 ||    79
Block: Shield            |    98 |   102 |     3 ||   203

Table legend:
 A = Spawn XP
 B = Non-spawn XP
 C = Spawn XP percentage of total XP
 D = Spawn monster count
 E = Non-spawn monster count
 F = Spawn count percentage of total count
 G = Total turns spent on level
                    A         B        C        D         E        F      G
               +---------+---------+-------+---------+---------+-------+---------
         Total |       0 |     660 |   0.0 |       0 |      92 |   0.0 |  2370
               +---------+---------+-------+---------+---------+-------+---------
           D:1 |       0 |      28 |   0.0 |       0 |      17 |   0.0 |   626
           D:2 |       0 |      95 |   0.0 |       0 |      41 |   0.0 |   677
           D:3 |       0 |     233 |   0.0 |       0 |      30 |   0.0 |   751
           D:4 |       0 |     304 |   0.0 |       0 |       4 |   0.0 |    82
               +---------+---------+-------+---------+---------+-------+---------
